← All builds
Tech / Armada / Economy first / OBSERVED BUILD

Fast fusion

Armada Tech (Eco) build order · Supreme Isthmus

Standard T2 rush economy build that adds an earlier Fusion Reactor around 8:52 to scale power sooner, with units fighting only on the team's own side afterward.

Usually first T2 con to Geo (82%)

#eco #t2 · 179 distinct matches · 63 players · 6% of Armada Tech games · team won 59% of 185 · Recently observed

THE CATCH, AND WHAT COMES WITH IT
  • Fusion ReactorFusion Reactor from 8:52 · 12% of role by thenOnly 12% of Tech games have it by then; others who build it get it around 11:21

Then transitions into anti-nuke (30% of army).

HOW TO PLAY IT

Key timing: Fusion Reactor by 10:00

  1. Run the standard T2 rush opening with Bot Lab then Advanced Bot Lab.
  2. Get the Advanced Bot Lab up on the usual fast timing.
  3. Upgrade to Advanced Metal Extractor on the normal schedule.
  4. Transition into the typical Citadel anti-nuke and Armageddon nuke silo army.
  5. Push an early Fusion Reactor, well ahead of the role's usual 12:03.

Phase by phase

TYPICAL OF ITS 179 GAMES · AGAINST STANDARD TECH
  1. 1
  2. 2
  3. 3
  4. 4
  5. 5
PLAY THE OPENING

Follow the example game's first 9:52 step by step: what to build now, what comes next, and where it goes. At 1× it keeps pace with your own game.

  1. 1

    Up to the Bot Lab

    Economy
    • Metal Extractor3Mex
    • Wind Turbine4Wind
    Order
    1. Bot LabBot Lab after 3 mex, 4 winddone ~1:16, middle half 1:09–1:30

    By 0:59 in all: 3 mex · 4 wind

    The example game in this phase · 5 steps
    1. Mex ×3
    2. Wind ×4
    3. Energy storage
    4. Wind ×3
    5. Bot LabBot Labdone 1:52 · typical 1:16
  2. 2

    Bot Lab to Advanced Bot Lab

    Economy
    • Metal Extractor1Mex
    • Wind Turbine9Wind
    • Energy Storage1Energy storage
    Order
    1. Advanced Bot LabAdvanced Bot Lab after 4 mex, 12 wind, 3 con turretdone ~4:16, middle half 4:03–4:28
    Builders
    • Construction Turret3 Con turret
    • Lazarus4 Lazarus
    • Construction Bot2 Con bot
    • Construction Bot1 Con bot for allies

    Some games also: converter (46%)

    By 3:14 in all: 4 mex · 12 wind · 1 energy storage · 3 con turret

    The example game in this phase · 11 steps
    1. Construction BotCon bot ×2
    2. Con turret
    3. LazarusLazarus
    4. Con turret
    5. LazarusLazarus
    6. Wind
    7. Con turret
    8. Mex
    9. Construction BotCon botfor Air
    10. Wind
    11. Advanced Bot LabAdvanced Bot Labdone 3:45 · typical 4:16
  3. 3

    Advanced Bot Lab to 5:00

    Economy
    • Wind Turbine3Wind
    Order
    1. Bot LabEat Bot Lab
    Builders
    • Advanced Construction Bot1 T2 con bot for allies

    Some games also: converter (48%)

    By 5:00 in all: 4 mex · 17 wind · 2 converter · 1 energy storage · 3 con turret

    The example game in this phase · 9 steps
    1. Bot LabEat Bot Labreclaimed for its metal
    2. Wind ×2
    3. Advanced Construction BotT2 con botfor Geo
    4. Wind
    5. Advanced Metal ExtractorT2 mexdone 5:30 · typical 5:20
    6. Wind
    7. Advanced Metal ExtractorT2 mex
    8. Con turret
    9. Wind
  4. 4

    5:00 to Fusion Reactor

    Economy
    • Wind Turbine26Wind
    • Energy Converter3Converter+2 vs standard
    Order
    1. Fusion ReactorFusion Reactor after 4 mex, 43 wind, 7 converterdone ~10:12, middle half 9:51–10:42
    Builders
    • Butler8 Butler +3 vs standard
    • Advanced Construction Bot3 T2 con bot for allies
    • Advanced Construction Bot1 T2 con bot

    Some games also: con turret (49%)

    By 8:52 in all: 4 mex · 43 wind · 7 converter (standard 4) · 1 energy storage · 3 con turret

    The example game in this phase · 22 steps
    1. Wind
    2. Converter ×2
    3. Wind ×2
    4. Advanced Construction BotT2 con botfor Geo sea
    5. Wind ×2
    6. Advanced Metal ExtractorT2 mex ×2
    7. Wind ×3
    8. ButlerButler
    9. Wind ×5
    10. Advanced Construction BotT2 con botfor Pond
    11. Wind
    12. Advanced Construction BotT2 con botfor Beach sea
    13. Wind ×2
    14. Advanced Construction BotT2 con bot
    15. Wind
    16. Advanced Construction BotT2 con botfor Air
    17. Wind ×2
    18. Advanced Construction BotT2 con bot
    19. CitadelAnti-nukedone 10:16
    20. Advanced Construction BotT2 con bot
    21. Wind
    22. Fusion ReactorFusiondone 12:00 · typical 10:12
  5. 5

    Fusion Reactor to 15:00

    Economy
    • Wind Turbine87Wind−63 vs standard
    • Energy Converter48Converter
    Order
    1. Advanced Bot LabEat Advanced Bot Lab
    2. Fusion ReactorFusion after 86 wind, 18 converter, 7 con turretin 63% of games
    Builders
    • Construction Turret10 Con turret +3 vs standard

    Some games also: anti-nuke (49%) · Advanced Fusion Reactor (38%) · Aircraft Plant (37%) · metal storage (36%) · Butler (32%)

    The standard build makes here, this one skips: 6 Butler

    By 15:00 in all: 4 mex · 133 wind (standard 187) · 2 fusion · 55 converter · 1 energy storage · 1 metal storage

    The example game in this phase · 110 steps
    1. Wind
    2. Converter
    3. Wind
    4. Con turret
    5. Wind
    6. Con turret ×2
    7. ButlerButler
    8. Wind
    9. ButlerButler
    10. Wind
    11. ButlerButler
    12. Wind ×3
    13. TracerTracer
    14. Wind ×3
    15. T2 converter
    16. Wind ×3
    17. ThistleThistle
    18. Wind
    19. NighthawkNighthawk
    20. Wind
    21. Converter
    22. ArbalestArbalest
    23. Advanced Metal ExtractorT2 mexdone 12:31
    24. NighthawkNighthawk
    25. Wind
    26. Converter
    27. Wind ×3
    28. NighthawkNighthawk
    29. Wind
    30. Converter
    31. Wind
    32. ThistleThistle
    33. NighthawkNighthawk
    34. Wind ×2
    35. Converter
    36. NighthawkNighthawk
    37. Wind ×3
    38. Converter
    39. NighthawkNighthawk
    40. Wind ×2
    41. Converter
    42. Wind
    43. NighthawkNighthawk
    44. ThistleThistle
    45. Con turret
    46. Wind ×2
    47. NighthawkNighthawk
    48. Wind
    49. NighthawkNighthawk
    50. Advanced Bot LabEat Advanced Bot Labreclaimed for its metal
    51. Wind
    52. NighthawkNighthawk
    53. Con turret
    54. Wind
    55. Advanced Fusion ReactorAdvanced Fusion Reactornot finished by 15:00
    56. Wind
    57. NighthawkNighthawk
    58. Wind
    59. NighthawkNighthawk
    60. Wind
    61. ThistleThistle
    62. Wind
    63. NighthawkNighthawk
    64. Wind
    65. NighthawkNighthawk
    66. Wind
    67. NighthawkNighthawk
    68. Wind
    69. NighthawkNighthawk
    70. Wind
    71. NighthawkNighthawk
    72. Wind
    73. NighthawkNighthawk
    74. Wind
    75. Con turret
    76. Wind
    77. ThistleThistle
    78. Wind
    79. NighthawkNighthawk
    80. Con turret ×2
    81. Wind
    82. Con turret
    83. NighthawkNighthawk
    84. Wind
    85. NighthawkNighthawk
    86. Wind
    87. NighthawkNighthawk
    88. Wind
    89. T2 converter
    90. NighthawkNighthawk
    91. Wind ×2
    92. NighthawkNighthawk ×2
    93. Wind
    94. NighthawkNighthawk
    95. Wind
    96. NighthawkNighthawk
    97. Wind
    98. NighthawkNighthawk
    99. Wind
    100. AnglerTorpedo bomberdone 14:40
    101. ThistleThistle
    102. Wind
    103. NighthawkNighthawk
    104. Wind
    105. AnglerTorpedo bomber
    106. Wind ×2
    107. NighthawkNighthawk
    108. Wind
    109. AnglerTorpedo bomber
    110. Wind

Counts are medians over the build's games: half of them build more, half fewer. The example game is Sdragona's (34 OS, 01/10/2026); pick another.

Team trades

IN AT LEAST 30% OF ITS GAMES

You hand over

  • Construction Bot1 Con bot to Airfirst at 2:22 · in 85% of games
  • Advanced Construction Bot5 T2 con bot to Air or Pond or Beach seafirst at 4:47 · in 100% of games

You get

  • Hercules1 Light transport from Airfirst at 3:55 · in 85% of games

How it plays out

Typical game of this build against the role’s standard build, running totals by minute

  • This build
  • Standard tech

Metal produced

020k40k
0:005:0010:0015:00

metal

Enemy metal destroyed

050100
0:005:0010:0015:00

metal

Own metal lost

050100150
0:005:0010:0015:00

metal

185 games.

Show as table
ByMetal produced: This buildMetal produced: Standard techEnemy metal destroyed: This buildEnemy metal destroyed: Standard techOwn metal lost: This buildOwn metal lost: Standard tech
1:003843830000
2:009179150000
3:00168516510000
4:00320231440000
5:00488048470000
6:00596458000000
7:00769072270000
8:00977690610000
9:0012181111730000
10:0015841135030000
11:0019834162420000
12:0023367196560000
13:0027274234450000
14:00309592736200073
15:00359613154208575130
WHAT THE NUMBERS SAY

Won more often than the standard build and pulled well ahead on metal production with almost no combat losses either way.

  • + Metal production at 15:00 reaches 36430 vs 31668 standard.
  • + Won more often than the standard build (60% vs 53%).
  • − Enemy metal destroyed by 15:00 is lower than standard (39 vs 266).
  • − Fusion push is purely economic, offering no early combat payoff.
THE EXAMPLE YOU ARE READING

Sdragona

33.5 OS · 01/10/2026

Open source match ↗

102 received units · includes a constructor
1629 metal received · 39891 energy received

Allied construction assistance is unknown. Timings are observations, not a promise of solo reproducibility.

Typical milestones

Bot Lab1:16Middle 50%: 1:09–1:30 · n=185
Advanced Bot Lab4:16Middle 50%: 4:03–4:28 · n=185
Advanced Metal Extractor5:20Middle 50%: 5:00–5:40 · n=185
Fusion Reactor10:12Middle 50%: 9:51–10:42 · n=172

Played most by

Teaner30games of this buildSyphos12games of this buildKOT_11games of this build[Grump]Grumpiness9games of this buildhaaven8games of this build